 Dungeon Crawl Stone Soup version 0.22-a0-469-gf26638a (webtiles) character file.

239 Avalon the Conjurer (level 5, -8/28 HPs)
             Began as a Deep Elf Conjurer on June 13, 2018.
             Mangled by an ogre
             ... wielding a +0 giant club
              (10 damage)
             ... on level 4 of the Dungeon.
             The game lasted 00:11:57 (3244 turns).

Avalon the Conjurer (Deep Elf Conjurer)             Turns: 3244, Time: 00:11:57

Health: -8/28      AC:  3    Str:  5    XL:     5   Next: 79%
Magic:  8/11       EV: 13    Int: 21    God:
Gold:   130        SH:  0    Dex: 15    Spells: 3/10 levels left

rFire    . . .     SeeInvis .   b - -2 dagger (curse)
rCold    . . .     Gourm    .   (no shield)
rNeg     . . .     Faith    .   a - +1 robe
rPois    .         Spirit   .   (no helmet)
rElec    .         Reflect  .   (no cloak)
rCorr    .         Harm     .   (no gloves)
MR       .....                  (no boots)
Stlth    ++........             (no amulet)
HPRegen  0.09/turn              (no ring)
MPRegen  0.12/turn              (no ring)

@: lethally poisoned (-8 -> -15), about to teleport
A: no striking features
a: no special abilities


You were on level 4 of the Dungeon.
You were hungry.

You visited 1 branch of the dungeon, and saw 4 of its levels.

You collected 130 gold pieces.

Inventory:

Hand Weapons
 b - a cursed -2 dagger (weapon)
Armour
 a - a +1 robe (worn)
 h - a +0 buckler
Scrolls
 e - 5 scrolls of identify {unknown}
 g - 4 scrolls of remove curse {unknown}
Comestibles
 c - 4 rations


   Skills:
 - Level 2.4 Dodging
 - Level 2.4 Stealth
 * Level 2.3 Shields
 - Level 3.0 Spellcasting
 + Level 7.0 Conjurations


You had 3 spell levels left.
You knew the following spells:

 Your Spells              Type           Power        Failure   Level  Hunger
a - Magic Dart            Conj           ####         1%          1    None
b - Searing Ray           Conj           ####..       1%          2    ##.....
c - Iskenderun's Mystic   Conj           ####....     8%          4    ####...

Your spell library contained the following spells:

 Spells                   Type           Power        Failure   Level  Hunger
 Fulminant Prism          Conj/Hex       ###.......   30%         4    ####...
 Dazzling Spray           Conj/Hex       ###...       10%         3    ###....
 Force Lance              Conj/Tloc      ###.....     30%         4    ####...


Dungeon Overview and Level Annotations

Branches:
Dungeon (4/15)
 Temple: D:4-7

Altars:
Cheibriados
Kikubaaqudgha


Message History

The adder skeleton barely misses you.
* * * LOW HITPOINT WARNING * * *
You feel sick. The worker ant barely misses you.
The adder skeleton bites you but does no damage.
Found a ring mail.
Found a stone staircase leading down.
As you read the scroll labeled BEPIL OD EMA, it crumbles to dust.
You feel strangely unstable.
It was a scroll of teleportation.
The quokka misses you. The worker ant bites you.
* * * LOW HITPOINT WARNING * * *
The adder skeleton barely misses you.
Unknown command.
You aren't carrying any potions.
You aren't carrying any potions.
As you read the scroll labeled UWUDAMMEFUA, it crumbles to dust.
It is a scroll of enchant armour.
Your +0 robe glows green for a moment.
* * * LOW HITPOINT WARNING * * *
You feel sick. The quokka closely misses you. The worker ant misses you.
The adder skeleton closely misses you. The ogre hits you with a giant club!
You die...

.. . >.[.#....#
###.......#.#
..........#.##
...........#.#...
..#.............
#......(.......
#..............#
#.O@...........#
#.aZr..........# #
#.?.........##.#.##
##.....<..#.#.....#
#.................#
#..........<.....s#
#....................
.............#.......#
.###..........#......##


You could see an ogre, a worker ant, a quokka and an adder skeleton.

Vanquished Creatures
  An ice beast (D:3)
  The ghost of Slunt the Poker, a weakling MfAK of Lugonu (D:3)
  3 gnolls (D:4)
  An adder (D:2)
  5 worms (D:3)
  A dart slug (D:1)
  2 leopard geckos
  3 orcs
  5 hobgoblins
  7 jackals
  A quokka (D:4)
  3 bats
  5 frilled lizards
  2 goblins
  9 kobolds
  6 rats
55 creatures vanquished.

Notes
Turn   | Place    | Note
-------+----------+-------------------------------------------
     0 | D:1      | Avalon the Deep Elf Conjurer began the quest for the Orb.
     0 | D:1      | Reached XP level 1. HP: 10/10 MP: 6/6
   825 | D:2      | Found a snail-covered altar of Cheibriados.
   888 | D:2      | Reached XP level 2. HP: 15/15 MP: 6/8
   901 | D:2      | Learned a level 2 spell: Searing Ray
   937 | D:2      | Reached skill level 5 in Conjurations
  1151 | D:2      | Found an ancient bone altar of Kikubaaqudgha.
  1356 | D:2      | Reached XP level 3. HP: 19/19 MP: 3/9
  1859 | D:3      | Noticed Slunt's ghost (weakling MfAK)
  1955 | D:3      | Noticed an ice beast
  1966 | D:3      | Killed an ice beast
  1966 | D:3      | Reached skill level 1 in Shields
  1966 | D:3      | Reached skill level 6 in Conjurations
  1966 | D:3      | Reached XP level 4. HP: 24/24 MP: 2/10
  1966 | D:3      | Reached XP level 5. HP: 28/28 MP: 2/11
  2082 | D:3      | Killed Slunt's ghost
  2180 | D:3      | Learned a level 4 spell: Iskenderun's Mystic Blast
  2897 | D:3      | Found a faded altar of an unknown god.
  2954 | D:4      | Noticed an ogre
  3121 | D:4      | Noticed an ogre
  3122 | D:4      | Reached skill level 7 in Conjurations
  3244 | D:4      | Mangled by an ogre

Vault maps used:
D:1:      dpeg_arrival_fog
D:2:      old_standard_altar, kiku_gazebo_garden_becter
D:3:      chequers_ecumenical_altar_lobes
D:4:      kennysheep_little_box, tso_oasis_becter, grunt_temple_overflow_open,
          first_ration

Skill      XL: |  1  2  3  4  5 |
---------------+----------------+-----
Conjurations   | 5 6 7 |  7.0
Shields        | 1 2 |  2.3
Dodging        | |  2.4
Stealth        | |  2.4
Spellcasting   | |  3.0

Action                   |  1- 3 |  4- 6 || total
-------------------------+-------+-------++-------
Melee: Dagger            |     3 |       ||     3
 Cast: Magic Dart        |    71 |    36 ||   107
       Searing Ray       |     3 |     7 ||    10
       Iskenderun's Myst |       |     4 ||     4
  Use: Scroll            |       |     2 ||     2
  Eat: Chunk             |     3 |     4 ||     7
Armor: Robe              |     2 |     1 ||     3
Dodge: Dodged            |     6 |    18 ||    24

Table legend:
 A = Spawn XP
 B = Non-spawn XP
 C = Spawn XP percentage of total XP
 D = Spawn monster count
 E = Non-spawn monster count
 F = Spawn count percentage of total count
 G = Total turns spent on level
                    A         B        C        D         E        F      G
               +---------+---------+-------+---------+---------+-------+---------
         Total |       0 |     342 |   0.0 |       0 |      55 |   0.0 |  3244
               +---------+---------+-------+---------+---------+-------+---------
           D:1 |       0 |      10 |   0.0 |       0 |       6 |   0.0 |   817
           D:2 |       0 |      41 |   0.0 |       0 |      19 |   0.0 |   789
           D:3 |       0 |     241 |   0.0 |       0 |      24 |   0.0 |  1599
           D:4 |       0 |      50 |   0.0 |       0 |       6 |   0.0 |    39
               +---------+---------+-------+---------+---------+-------+---------
